 Dungeon Crawl Stone Soup version 0.26.0-10-g1f06aea511 (webtiles) character file.

Game seed: 13032272813205942308

155 Borgoz the Slasher (level 5, -1/45 HPs)
             Began as a Ghoul Gladiator on Jan 15, 2021.
             Was an Initiate of Ashenzari.
             Slain by a shadow imp (5 damage)
             ... on level 3 of the Dungeon.
             The game lasted 00:02:25 (2376 turns).

Borgoz the Slasher (Ghoul Gladiator)                Turns: 2376, Time: 00:02:26

Health: -1/45      AC:  7    Str: 18    XL:     5   Next: 37%
Magic:  4/4        EV: 12    Int:  3    God:    Ashenzari [......]
Gold:   152        SH:  3    Dex: 11    Spells: 4/4 levels left

rFire    . . .     SeeInvis .   a - +1 long sword
rCold    + + .     Faith    .   h - +0 buckler
rNeg     + + +     Spirit   .   m - +0 leather armour {rC+}
rPois    ∞         Reflect  .   c - +0 helmet
rElec    .         Harm     .   (no cloak)
rCorr    .         Rampage  .   (no gloves)
Will     .....                  i - +2 pair of boots {Fly}
Stlth    +.........             (no amulet)
HPRegen  0.00/turn              (no ring)
MPRegen  0.09/turn              (no ring)

@: brilliant, flying, hasted, very quick
A: claws 1, cold resistance 1, negative energy resistance 3, inhibited
regeneration, torment resistance, unbreathing
a: Stop Flying, Renounce Religion, Curse Item


You were on level 3 of the Dungeon.
You worshipped Ashenzari.
Ashenzari was noncommittal.
You visited 1 branch of the dungeon, and saw 3 of its levels.

You collected 152 gold pieces.

Inventory:

Hand Weapons
 a - a +1 long sword (weapon)
Missiles
 d - 3 throwing nets (quivered)
Armour
 c - a +0 helmet (worn)
 h - a +0 buckler (worn)
 i - a +2 pair of boots of flying (worn)
 m - a +0 leather armour of cold resistance (worn)
Wands
 k - a wand of digging (4)
Scrolls
 f - 2 scrolls of fog
 g - a scroll of remove curse
 j - 2 scrolls of blinking
 l - a scroll of teleportation {unknown}


   Skills:
 + Level 3.0 Fighting
 * Level 3.7 Long Blades
 - Level 1.7 Throwing
 * Level 2.1 Armour
 + Level 3.1 Dodging
 + Level 1.2 Shields


You had 4 spell levels left.
You didn't know any spells.
Your spell library was empty.

Dungeon Overview and Level Annotations

Branches:
Dungeon (3/15)

Altars:
Ashenzari
Gozag


Innate Abilities, Weirdness & Mutations

You thrive by killing the living.
You are immune to poison.
You have sharp fingernails.
Your flesh is cold resistant. (rC+)
You are immune to negative energy. (rN+++)
You do not regenerate when monsters are visible.
You are immune to unholy pain and torment.
You can survive without breathing.


Message History

The orc wizard is severely wounded.
The orc wizard closely misses you.
You riposte.
You barely miss the orc wizard.
The orc wizard is severely wounded.
The orc wizard points at you and mumbles some strange words.
The magic dart hits you!
* * * LOW HITPOINT WARNING * * *
It was a potion of brilliance.
You feel clever all of a sudden.
The orc wizard points at you and mumbles some strange words.
The magic dart hits you!
* * * LOW HITPOINT WARNING * * *
It was a potion of haste.
You feel yourself speed up.
The orc wizard hits you but does no damage.
The orc wizard misses you.
You slash the orc wizard!
You kill the orc wizard!
You feel better.
Your Fighting skill increases to level 3!
You barely miss the shadow imp. The shadow imp hits you.
You die...

#.# #.# ..#
#.#######...#
#††.........#
#...........##+##+#
#.................)
#..................
#.########.........
#......@5o.........
##########.)†......
#.........
#.........
#.........
#.........
########'# #


You could see a shadow imp and an orc.

Vanquished Creatures
  An orc priest (D:3)
  An orc wizard (D:3)
  3 adders
  2 oozes
  5 dart slugs
  3 leopard geckos
  An orc (D:3)
  2 bats
  A giant cockroach (D:3)
  7 goblins
  7 hobgoblins
  3 jackals (D:2)
  3 frilled lizards
  6 kobolds
  6 rats
51 creatures vanquished.

Notes
Turn   | Place    | Note
-------+----------+-------------------------------------------
     0 | D:1      | Borgoz the Ghoul Gladiator began the quest for the Orb.
     0 | D:1      | Reached XP level 1. HP: 17/17 MP: 0/0
    90 | D:1      | Reached XP level 2. HP: 24/24 MP: 1/1
    94 | D:1      | Found a broken altar of Ashenzari.
   101 | D:1      | Became a worshipper of Ashenzari the Shackled
   625 | D:1      | Reached skill level 1 in Armour
   980 | D:2      | Reached XP level 3. HP: 30/30 MP: 2/2
  1269 | D:2      | Reached XP level 4. HP: 21/37 MP: 3/3
  2002 | D:2      | Found an opulent altar of Gozag.
  2316 | D:3      | Reached skill level 1 in Shields
  2356 | D:3      | Reached XP level 5. HP: 42/44 MP: 4/4
  2373 | D:3      | HP: 2/44 [orc wizard/magic dart (7)]
  2376 | D:3      | Slain by a shadow imp

Illustrated notes

Levels and vault maps discovered:
D:1:      giann_horns, layout_basic, hangedman_decor_push,
          evilmike_ruin_ashenzari
D:2:      layout_loops_corners, nicolae_gozag_cash_rules_everything_around_me,
          nrook_mini_vaults
D:3:      layout_basic, uniq_terence

Skill      XL: |  1  2  3  4  5 |
---------------+----------------+-----
Long Blades    | 3 |  3.7
Armour         | 1 2 |  2.1
Dodging        | 3 |  3.1
Shields        | 1 |  1.2
Fighting       | 3 |  3.0
Throwing       | |  1.7

Action                   |  1- 3 |  4- 6 || total
-------------------------+-------+-------++-------
Melee: Long sword        |    73 |    78 ||   151
  Use: Scroll            |       |     5 ||     5
       Potion            |       |     3 ||     3
Armor: Leather armour    |    34 |    37 ||    71
Dodge: Dodged            |    41 |    58 ||    99
Block: Buckler           |     4 |    14 ||    18
       Rpst.: Long sword |    19 |    17 ||    36
